[Event "Team 45 45 League T41"]
[Site "Internet Chess Club"]
[Date "2009.06.22"]
[Round "8"]
[White "f5"]
[Black "playwaycool"]
[Result "0-1"]
[WhiteElo "2139"]
[BlackElo "2151"]
[Opening "Scotch game"]
[ECO "C45"]
[Time "16:00:17"]
[TimeControl "2700+45"]

1. e4 e5 2. Nf3 Nc6 3. d4 exd4 4. Nxd4 Bc5 5. Be3 Qf6 6. c3 Nge7 7. Bc4 Ne5 8.
Be2 Qg6 9. O-O d6 10. f4 Qxe4 11. Bf2 Bxd4 12. cxd4 N5g6 13. Nc3 Qxf4 14. Nb5
O-O 15. Nxc7 Rb8 16. d5 Qg5 17. Kh1 Bf5 18. Bxa7 Nh4 19. Bf3 Rbc8 20. Bb6 Neg6
21. Rc1 Ne5 22. Rg1 Nhxf3 23. gxf3 Qf4 24. Rc3 Rfd8 25. Rg3 h5 26. Qg1 g6 27.
Be3 Qb4 28. Qf2 h4 29. Rg5 f6 30. Rxf5 gxf5 31. Ne6 Rxc3 32. Qg2+ Ng4 33. bxc3
Qb1+ 34. Bg1 h3 35. Qg3 Ra8 36. Nd4 Rxa2 37. fxg4 Rg2 38. Qe3 Rxg1+ {White
resigns} 0-1

[Event "Team 45 45 League T41"]
[Site "Internet Chess Club"]
[Date "2009.06.19"]
[Round "8"]
[White "adh2050"]
[Black "chiiwen"]
[Result "1-0"]
[WhiteElo "2098"]
[BlackElo "2054"]
[Opening "Sicilian: closed, 2...Nc6"]
[ECO "B23"]
[Time "15:00:16"]
[TimeControl "2700+45"]

1. e4 c5 2. Nc3 Nc6 3. Bb5 Nd4 4. Bc4 e6 5. Nge2 Nxe2 6. Qxe2 d6 7. O-O Nf6 8.
d3 Be7 9. Bd2 O-O 10. Bb3 Rb8 11. f4 b5 12. e5 Nd7 13. a4 b4 14. Nb5 d5 15. Nxa7
Bb7 16. Nb5 Ba6 17. Nd6 Bxd6 18. exd6 Rb6 19. a5 Rxd6 20. f5 e5 21. Ba4 f6 22.
Qf2 Qc7 23. Kh1 Rb8 24. Qg3 Kh8 25. Rfe1 Nf8 26. Qf3 Rbd8 27. d4 Qxa5 28. dxe5
fxe5 29. Bg5 e4 30. Qg3 h6 31. Be7 Qc7 32. f6 gxf6 33. Bxf6+ Kh7 34. Rad1 Qf7
35. Bxd8 Rxd8 36. Bc6 Ng6 37. Ra1 Bc8 38. Qe3 Qe7 39. Ra8 Ne5 40. Bxd5 Ng4 41.
Qxe4+ Qxe4 42. Bxe4+ Kg7 43. Bb7 {Black resigns} 1-0

[Event "Team 45 45 League T41"]
[Site "Internet Chess Club"]
[Date "2009.06.20"]
[Round "8"]
[White "noblitz-oblige"]
[Black "knight2f3"]
[Result "0-1"]
[WhiteElo "1641"]
[BlackElo "1540"]
[Opening "Four knights: Italian variation"]
[ECO "C47"]
[Time "11:41:10"]
[TimeControl "2700+45"]

1. e4 Nf6 2. Nc3 e5 3. Nf3 Nc6 4. Bc4 Nxe4 5. Bxf7+ Kxf7 6. Nxe4 Be7 7. d3 h6 8.
h3 d5 9. Ng3 Rf8 10. O-O Kg8 11. Re1 Bd6 12. c4 Be6 13. d4 e4 14. cxd5 Bxg3 15.
dxc6 Bd6 16. Rxe4 Bd5 17. cxb7 Bxe4 18. bxa8=Q Qxa8 19. Ne1 Rf6 20. Qg4 Rg6
{White resigns} 0-1

[Event "Team 45 45 League T41"]
[Site "Internet Chess Club"]
[Date "2009.06.20"]
[Round "8"]
[White "Mutaant"]
[Black "chesskix"]
[Result "1/2-1/2"]
[WhiteElo "1440"]
[BlackElo "1479"]
[Opening "Sicilian defense"]
[ECO "B20"]
[Time "19:59:40"]
[TimeControl "2700+45"]

1. e4 c5 2. Bc4 e6 3. Nc3 Nc6 4. d3 a6 5. a4 Nf6 6. Qf3 Ne5 7. Qg3 d6 8. Bb3 g6
9. Qh4 h6 10. Nge2 Bg7 11. f4 Nc6 12. O-O Qc7 13. h3 Na5 14. Bc4 Nxc4 15. dxc4
Qc6 16. e5 dxe5 17. fxe5 Nd7 18. Qf2 Nxe5 19. Be3 f5 20. b3 Bf8 21. Rad1 Bd6 22.
Rd2 Nf7 23. Rfd1 O-O 24. Bxh6 Rd8 25. Be3 b6 26. Rd3 Bb7 27. Nf4 Bxf4 28. Bxf4
Rxd3 29. Rxd3 e5 30. Bc1 Kg7 31. Nd5 Re8 32. Bb2 Nd6 33. Qg3 Nf7 34. Ne3 Qe4 35.
Qf2 Rh8 36. Nd5 Bxd5 37. Rxd5 Re8 38. a5 bxa5 39. Rxc5 Rd8 40. Rxa5 Rd1+ 41. Kh2
Rd6 42. Qc5 Qf4+ 43. g3 Rd2+ 44. Kh1 Qxg3 45. Bxe5+ Nxe5 46. Qxe5+ Qxe5 47. Rxe5
Rxc2 48. Re3 Kf6 49. Kg1 f4 50. Rd3 a5 51. Kf1 g5 52. Ke1 Rg2 53. Rc3 Rg3 54.
Kd2 Rxc3 55. Kxc3 f3 56. Kd3 f2 57. Ke2 Kf5 58. Kxf2 Kf4 59. c5 Ke5 60. Kf3 Kd5
61. Kg4 Kxc5 62. Kxg5 Kb4 63. h4 Kxb3 64. h5 a4 65. h6 a3 66. h7 a2 67. h8=Q Kc2
68. Qc8+ Kb1 69. Qb7+ Kc2 70. Qc6+ Kb2 71. Qb5+ Kc1 72. Qc4+ Kb2 73. Qb4+ Kc2
74. Qa3 Kb1 75. Qb3+ Ka1 76. Qc3+ Kb1 77. Qd3+ Kb2 78. Qd2+ Kb1 79. Qb4+ Ka1 80.
Qa4 Kb2 81. Qd4+ Kb1 82. Qe4+ Kb2 83. Qg2+ Kb1 84. Qf1+ Kb2 85. Qe2+ Kb1 86.
Qd3+ Ka1 87. Qd2 Kb1 88. Qd1+ Kb2 89. Qd4+ Kb1 90. Qe4+ Kb2 {Game drawn by
mutual agreement} 1/2-1/2

[Event "Team 45 45 League T41"]
[Site "Internet Chess Club"]
[Date "2009.06.21"]
[Round "8"]
[White "dondel"]
[Black "beerss"]
[Result "0-1"]
[WhiteElo "1320"]
[BlackElo "1381"]
[Opening "Queen's pawn game"]
[ECO "D00"]
[Time "20:00:42"]
[TimeControl "2700+45"]

1. d4 d5 2. e3 Nf6 3. c4 Bg4 4. Be2 Bxe2 5. Nxe2 e6 6. c5 Be7 7. Nd2 Nc6 8. Nf3
Ne4 9. O-O O-O 10. Nf4 Qc8 11. a3 f5 12. b4 a6 13. h3 Bg5 14. Nxg5 Nxg5 15. f3
Qe8 16. h4 Nf7 17. Qe1 Qd7 18. Kf2 Nh6 19. Rg1 e5 20. dxe5 Nxe5 21. Qc3 Rae8 22.
Rd1 c6 23. Kg1 Qe7 24. h5 Qg5 25. Rf1 Qe7 26. a4 Nhf7 27. Bb2 Ng5 28. Qb3 Kh8
29. Rac1 Nc4 30. Bd4 Nd2 31. Qd3 Nxf1 32. Kxf1 Ne6 33. Bc3 Nxf4 34. exf4 Qe3 35.
Qxe3 Rxe3 36. Kf2 Rfe8 37. Kg3 h6 38. Bd4 R3e6 39. Kh4 Kh7 40. g4 fxg4 41. fxg4
Re4 42. Be5 Rxb4 43. a5 Ra4 44. Bc3 Rxf4 45. Bd2 Rf7 46. g5 Re4+ 47. Kh3 hxg5
48. Bxg5 Rd7 49. Rf1 d4 {White resigns} 0-1

[Event "Team 45 45 League T41"]
[Site "Internet Chess Club"]
[Date "2009.06.21"]
[Round "8"]
[White "seldredg"]
[Black "blkmagic"]
[Result "1-0"]
[WhiteElo "1431"]
[BlackElo "1268"]
[Opening "Queen's pawn game"]
[ECO "D00"]
[Time "12:30:12"]
[TimeControl "2700+45"]

1. d4 d5 2. e3 Nc6 3. Bd3 Nf6 4. c3 e6 5. f4 Be7 6. Nf3 O-O 7. Nbd2 Ng4 8. Nf1
f5 9. Ng3 Bh4 10. Qe2 Bxg3+ 11. hxg3 Qe7 12. Nh2 Nxh2 13. Rxh2 Bd7 14. a4 Na5
15. Qh5 h6 16. g4 Be8 17. Qh3 Nb3 18. Rb1 Nxc1 19. Rxc1 Bxa4 20. g5 hxg5 21.
Qh8+ Kf7 22. Qh5+ Kg8 23. fxg5 Be8 24. g6 Bxg6 25. Qxg6 Qf6 26. Qh5 e5 27. Kd2
Rae8 28. g4 Qh6 29. Qxh6 gxh6 30. Rxh6 fxg4 31. Rg6+ Kh8 32. Rh1# {Black
checkmated} 1-0

[Event "Team 45 45 League T41"]
[Site "Internet Chess Club"]
[Date "2009.06.22"]
[Round "8"]
[White "BotanicalKnight"]
[Black "Krumpy"]
[Result "0-1"]
[WhiteElo "1531"]
[BlackElo "1540"]
[Opening "Bishop's opening: Classical variation"]
[ECO "C23"]
[Time "20:03:10"]
[TimeControl "2700+45"]

1. e4 e5 2. Bc4 Bc5 3. d3 Nf6 4. Nc3 c6 5. Bb3 d5 6. Nf3 d4 7. Ne2 Qc7 8. O-O h6
9. c3 dxc3 10. bxc3 Bg4 11. Ng3 Nbd7 12. h3 Bh5 13. Nxh5 Nxh5 14. d4 Bb6 15.
Nxe5 Nxe5 16. Qxh5 Ng6 17. f4 O-O-O 18. Qg4+ Rd7 19. f5 Ne5 20. Qxg7 Re8 21. Kh1
Nd3 22. e5 Nxc1 23. Raxc1 Kb8 24. Qxh6 Qd8 25. e6 fxe6 26. fxe6 Rde7 27. Rf7 Bc7
28. Rcf1 Qd6 29. R7f4 Qa3 30. Rf8 Qd6 31. R1f4 Qa3 32. Rxe8+ Rxe8 33. Rf8 Rxf8
34. Qxf8+ Qxf8 {White resigns} 0-1

[Event "Team 45 45 League T41"]
[Site "Internet Chess Club"]
[Date "2009.06.20"]
[Round "8"]
[White "IanT"]
[Black "reverendjim"]
[Result "0-1"]
[WhiteElo "1394"]
[BlackElo "1334"]
[Opening "Caro-Kann: Panov-Botvinnik attack, 5...g6"]
[ECO "B14"]
[Time "08:00:34"]
[TimeControl "2700+45"]

1. e4 c6 2. d4 d5 3. exd5 cxd5 4. c4 Nf6 5. Nc3 g6 6. Bd3 Bg7 7. Bg5 O-O 8. Bxf6
Bxf6 9. Nge2 Nc6 10. Nxd5 Bg7 11. O-O Nxd4 12. Nxd4 Bxd4 13. Bxg6 fxg6 14. Qxd4
e6 15. Rad1 exd5 16. Qxd5+ Qxd5 17. Rxd5 Be6 18. Rd4 Rad8 19. Rfd1 Rxd4 20. Rxd4
Rc8 21. b3 b5 22. Re4 Bf5 23. Rf4 bxc4 24. Rxc4 Rxc4 25. bxc4 Bd3 26. c5 a5 27.
c6 Kf7 28. g3 Ke7 29. Kg2 Kd6 30. Kh3 Kxc6 31. Kg4 Kc5 32. Kg5 Kb4 33. Kh6 Ka3
34. Kxh7 Kxa2 35. h4 Kb2 36. Kh6 a4 37. h5 gxh5 38. Kxh5 a3 39. g4 a2 40. g5
a1=Q 41. g6 Bxg6+ 42. Kxg6 Qf1 43. Kf5 Qxf2+ 44. Ke5 Qd2 45. Ke4 Kc3 46. Ke5
Qd4+ 47. Ke6 Kc4 48. Ke7 Kc5 49. Ke6 Qd5+ 50. Ke7 Kc6 51. Kf6 Qe4 52. Kg5 Qf3
53. Kg6 Kd6 54. Kg5 Ke6 55. Kg6 Qf6+ 56. Kh5 Qf5+ 57. Kh4 Qg6 58. Kh3 Kf5 59.
Kh4 Qg4# {White checkmated} 0-1

[Event "Team 45 45 League T41"]
[Site "Internet Chess Club"]
[Date "2009.06.20"]
[Round "8"]
[White "Rhayder"]
[Black "Conjurer"]
[Result "1-0"]
[WhiteElo "1136"]
[BlackElo "1199"]
[Opening "Sicilian: Najdorf, Opocensky variation"]
[ECO "B92"]
[Time "12:09:33"]
[TimeControl "2700+45"]

1. e4 c5 2. Nf3 d6 3. d4 cxd4 4. Nxd4 Nf6 5. Nc3 a6 6. Be2 e5 7. Nf5 d5 8. Ng3
Be7 9. O-O O-O 10. exd5 b5 11. Bf3 Qd6 12. a3 Nbd7 13. Nf5 Qc7 14. Nxe7+ Kh8 15.
d6 Qb8 16. Bxa8 Qxa8 17. Nxc8 Qxc8 18. Re1 Re8 19. Ne4 Qc4 20. Nxf6 gxf6 21. Bd2
Rg8 22. Bb4 Qe6 23. Qf3 {Black resigns} 1-0

[Event "Team 45 45 League T41"]
[Site "Internet Chess Club"]
[Date "2009.06.21"]
[Round "8"]
[White "hcarstens"]
[Black "Nikhil03"]
[Result "0-1"]
[WhiteElo "1347"]
[BlackElo "1478"]
[Opening "Sicilian: closed"]
[ECO "B23"]
[Time "12:00:10"]
[TimeControl "2700+45"]

1. e4 c5 2. Nc3 d6 3. f4 g6 4. Nf3 Bg7 5. Bc4 Nf6 6. Nd5 Nxd5 7. Bxd5 Nc6 8. Ng5
O-O 9. f5 e6 10. fxg6 Qxg5 11. gxh7+ Kxh7 12. O-O exd5 13. d3 Qg4 14. Rf3 Nd4
15. Rh3+ Kg8 16. Qf1 Qe2 17. Re3 Qxf1+ 18. Kxf1 Nxc2 19. Rb1 Nxe3+ 20. Bxe3 dxe4
21. dxe4 b6 22. Rd1 Bxb2 23. Rd5 Be5 24. h3 Bb7 25. Rd2 Bxe4 26. Rf2 Bd3+ 27.
Kg1 f5 28. Bf4 Bd4 29. Be3 Bxe3 {White resigns} 0-1

[Event "Team 45 45 League T41"]
[Site "Internet Chess Club"]
[Date "2009.06.21"]
[Round "8"]
[White "cazj"]
[Black "Just-Jim"]
[Result "0-1"]
[WhiteElo "1349"]
[BlackElo "1410"]
[Opening "Petrov: Italian variation"]
[ECO "C42"]
[Time "17:00:16"]
[TimeControl "2700+45"]

1. e4 e5 2. Nf3 Nf6 3. Bc4 d5 4. exd5 e4 5. Qe2 Be7 6. Ng5 O-O 7. Nc3 Nxd5 8.
Nxd5 Bxg5 9. Qxe4 Re8 10. Qxe8+ Qxe8+ 11. Ne3 a6 12. O-O Be6 13. Re1 Bxc4 {White
resigns} 0-1

[Event "Team 45 45 League T41"]
[Site "Internet Chess Club"]
[Date "2009.06.17"]
[Round "8"]
[White "thefranman"]
[Black "rayspokemon"]
[Result "1-0"]
[WhiteElo "1431"]
[BlackElo "1339"]
[Opening "English opening"]
[ECO "A22"]
[Time "19:00:08"]
[TimeControl "2700+45"]

1. c4 e5 2. Nc3 Nf6 3. d3 h6 4. Nf3 Nc6 5. e3 Bc5 6. Be2 O-O 7. O-O d6 8. a3 Ne7
9. b4 Bb6 10. Na4 Ng6 11. Nxb6 axb6 12. Bb2 Be6 13. Qc2 Qd7 14. Rac1 c5 15. d4
exd4 16. exd4 Bf5 17. Qd1 Nf4 18. Re1 Rfe8 19. Nd2 Nxe2+ 20. Rxe2 Rxe2 21. Qxe2
Qe6 22. Qxe6 fxe6 23. dxc5 bxc5 24. Bxf6 gxf6 25. bxc5 dxc5 26. Ra1 Ra4 27. f3
Be4 28. Nxe4 {Black resigns} 1-0

[Event "Team 45 45 League T41"]
[Site "Internet Chess Club"]
[Date "2009.06.21"]
[Round "8"]
[White "Invicta-Knight"]
[Black "Hominid"]
[Result "1/2-1/2"]
[WhiteElo "1621"]
[BlackElo "1403"]
[Opening "Robatsch defense: two knights, Suttles variation"]
[ECO "B07"]
[Time "07:21:25"]
[TimeControl "2700+45"]

1. e4 d6 2. d4 g6 3. Nc3 Bg7 4. Nf3 c6 5. Bc4 Nf6 6. Be3 b5 7. Bd3 b4 8. Ne2 Bg4
9. h3 Bxf3 10. gxf3 Nbd7 11. Qd2 Qa5 12. Rg1 O-O 13. Rg5 Qb6 14. d5 c5 15. Rb1
Ne5 16. Ng1 Bh6 17. Rg2 Bxe3 18. fxe3 Qa5 19. a3 Qb6 20. axb4 cxb4 21. f4 Nxd3+
22. Qxd3 Qa5 23. Rd2 Qa2 24. c4 bxc3 25. bxc3 Qa4 26. Rb4 Qa3 27. Ne2 Rfe8 28.
Rdb2 e5 29. R2b3 Qa2 30. Rb2 Qa3 31. R2b3 Qa2 32. Qb1 Qxb1+ 33. Rxb1 exf4 34.
Nxf4 Nxe4 35. c4 Nc3 36. R1b3 Rxe3+ 37. Kd2 Re4 38. Nd3 Ne2 39. Rb8+ Rxb8 40.
Rxb8+ Kg7 41. c5 dxc5 42. Nxc5 Rc4 43. Rc8 Nc3 44. Ne6+ fxe6 45. Rxc4 Nxd5 46.
Ra4 a5 47. Rxa5 Nf4 48. Ra3 g5 49. Rg3 Kf6 50. Ke3 Kf5 51. Rf3 e5 52. Rf1 {Game
drawn by mutual agreement} 1/2-1/2

[Event "Team 45 45 League T41"]
[Site "Internet Chess Club"]
[Date "2009.06.21"]
[Round "8"]
[White "nobull"]
[Black "stputte"]
[Result "1/2-1/2"]
[WhiteElo "1525"]
[BlackElo "1402"]
[Opening "Alekhine's defense: four pawns attack, 7.Be3"]
[ECO "B03"]
[Time "06:00:05"]
[TimeControl "2700+45"]

1. e4 Nf6 2. e5 Nd5 3. d4 d6 4. c4 Nb6 5. f4 dxe5 6. fxe5 Nc6 7. Be3 Bf5 8. Nc3
e6 9. Nf3 Bg4 10. Be2 Bxf3 11. Bxf3 Qh4+ 12. g3 Qe7 13. Bxc6+ bxc6 14. Qf3 Qd7
15. c5 Nd5 16. Nxd5 Qxd5 17. O-O Qxf3 18. Rxf3 Be7 19. Raf1 O-O 20. Bd2 Rad8 21.
Be3 f6 22. exf6 Rxf6 23. Rxf6 Bxf6 24. Rf4 e5 25. dxe5 Bxe5 26. Rf2 Rf8 27.
Rxf8+ Kxf8 28. b4 Bc3 29. Bf4 Bxb4 30. Bxc7 Bxc5+ 31. Kg2 Ke7 32. Kf3 Ke6 33.
Ke4 Bd6 34. Bd8 c5 35. Bg5 Be5 36. Be3 c4 37. Bxa7 c3 38. Be3 Kd6 39. a4 Bf6 40.
Kd3 Kc6 41. h4 Kb7 42. a5 Ka6 43. Bb6 h5 44. Bc7 Kb7 45. Bf4 Ka6 46. Bc7 Kb7 47.
Bd6 Ka6 48. Bb4 Be5 49. Bxc3 Bxg3 50. Bxg7 Kxa5 51. Bf6 Kb6 52. Ke4 Kc6 53. Kf5
Bxh4 54. Bxh4 Kd6 55. Kg5 Ke6 56. Kxh5 {Game drawn because neither player has
mating material} 1/2-1/2

[Event "Team 45 45 League T41"]
[Site "Internet Chess Club"]
[Date "2009.06.22"]
[Round "8"]
[White "slipkid"]
[Black "Kalar-Yadwa"]
[Result "1-0"]
[WhiteElo "1445"]
[BlackElo "1384"]
[Opening "Caro-Kann: Panov-Botvinnik, Gunderam attack"]
[ECO "B13"]
[Time "15:15:23"]
[TimeControl "2700+45"]

1. e4 c6 2. d4 d5 3. exd5 cxd5 4. c4 Nf6 5. c5 Nc6 6. Bb5 Bf5 7. Nc3 e6 8. Nf3
Be7 9. Ne5 Rc8 10. Bf4 O-O 11. Nxc6 bxc6 12. Ba6 Ra8 13. Bb7 Qa5 14. Bxa8 Rxa8
15. O-O Qb4 16. Qd2 Ne4 17. Nxe4 Qxd2 18. Nxd2 {Black resigns} 1-0

[Event "Team 45 45 League T41"]
[Site "Internet Chess Club"]
[Date "2009.06.22"]
[Round "8"]
[White "JustinZ"]
[Black "JimGaming"]
[Result "0-1"]
[WhiteElo "1248"]
[BlackElo "1314"]
[Opening "Sicilian: Hungarian variation"]
[ECO "B34"]
[Time "14:03:03"]
[TimeControl "2700+45"]

1. e4 c5 2. Nf3 g6 3. d4 cxd4 4. Nxd4 Nc6 5. Bc4 Nf6 6. Nxc6 bxc6 7. O-O Bg7 8.
Nc3 O-O 9. Qe2 d6 10. e5 Ng4 11. e6 Kh8 12. Qxg4 d5 13. exf7 Bxg4 {White
resigns} 0-1